 Dungeon Crawl Stone Soup version 0.30.1-4-g462c640d31 (webtiles) character file.

Game seed: 4227037095180827601

3599 booth the Chopper (level 9, -4/69 HPs)
             Began as a Demonspawn Gladiator on Aug 20, 2023.
             Was a Follower of Ashenzari.
             Slain by an orc warrior
             ... wielding a +2 mace of holy wrath
              (5 damage)
             ... on level 8 of the Dungeon.
             The game lasted 00:44:18 (7759 turns).

booth the Chopper (Demonspawn Gladiator)            Turns: 7759, Time: 00:44:19

Health: -4/69      AC:  6    Str: 18    XL:     9   Next: 85%
Magic:  16/16      EV: 13    Int: 11    God:    Ashenzari [*.....]
Gold:   183        SH:  0    Dex: 14    Spells: 17/17 levels left

rFire   . . .        E - +1 war axe (flame)
rCold   . . .        (no shield)
rNeg    . . .        j - +1 ring mail {Will+}
rPois   .            (helmet restricted)
rElec   .            (no cloak)
rCorr   .            (no gloves)
SInv    .            (boots unavailable)
Will    ++...        e - amulet "Behold Eternity" {Regen+, Fort, Evo} (curse)
Stlth   +            n - ring "Tethered Seeker" {Will+, Range, Melee} (curse)
HPRegen 1.11/turn    (no ring)
MPRegen 0.15/turn

%: no passive effects
@: no status effects
A: hooves 3, horns 1, foul stench 1, weakness stinger 1
a: Renounce Religion, Shatter the Chains


You were on level 8 of the Dungeon.
You worshipped Ashenzari.
Ashenzari was aware of your devotion.
You visited 2 branches of the dungeon, and saw 9 of its levels.

You collected 253 gold pieces.
You spent 70 gold pieces at shops.

Inventory:

Hand Weapons
 E - a +1 war axe of flaming (weapon)
Missiles
 d - 4 throwing nets
 k - 25 poisoned darts (quivered)
 l - 2 datura-tipped darts
 y - 6 boomerangs
 A - 5 atropa-tipped darts
 G - a curare-tipped dart
Armour
 j - a +1 ring mail of willpower (worn)
 p - the +8 scale mail of Sloth {rElec rC++}
   (You found it on level 4 of the Dungeon)

   rC:        It greatly protects you from cold.
   rElec:     It insulates you from electricity.
Jewellery
 e - the cursed amulet "Behold Eternity" (around neck) {Regen+, Fort, Evo}
   (You found it on level 3 of the Dungeon)

   [amulet of regeneration]

   Regen:     It increases your rate of health regeneration.
   It has a curse which improves the following skills: Fortitude: Armour and
   Shields.
   Evocations: Evocations.
 m - an amulet of guardian spirit
 n - the cursed ring "Tethered Seeker" (left hand) {Will+, Range, Melee}
   (You found it on level 4 of the Dungeon)

   [ring of willpower]

   Will:      It increases your willpower.
   It has a curse which improves the following skills: Ranged Combat: Ranged
   Weapons and Throwing.
   Melee Combat: Short Blades, Long Blades, Axes, Maces & Flails, Polearms,
   Staves and Unarmed Combat.
 t - an amulet of guardian spirit
Wands
 u - a wand of digging (5)
 x - a wand of polymorph (8)
 B - a wand of flame (53)
Scrolls
 b - 2 scrolls of fear
 i - 2 scrolls of torment
 o - 2 scrolls of magic mapping
 q - 4 scrolls of teleportation
 r - a scroll of summoning
 s - 2 scrolls of fog
 w - 2 scrolls of amnesia
 D - a scroll of identify
Potions
 c - 3 potions of curing
 g - a potion of heal wounds
 h - a potion of magic
 v - 3 potions of might
 C - a potion of brilliance
 F - a potion of flight


   Skills:
 + Level 5.7 Fighting
 * Level 7.7(8.6) Axes
 + Level 5.2(6.0) Throwing
 + Level 5.6 Dodging
 + Level 4.7 Spellcasting
 + Level 2.9 Conjurations
 + Level 2.9(3.6) Evocations


You had 17 spell levels left.
You didn't know any spells.
Your spell library contained the following spells:

 Spells                   Type           Power      Damage    Failure   Level
 Magic Dart               Conj           36%        1d4       12%         1
 Searing Ray              Conj           18%        2d5       19%         2
 Momentum Strike          Conj/Tloc      10%        3d8       32%         2
 Freeze                   Ice            8%         1d3       36%         1
 Blink                    Tloc           4%         N/A       52%         2
 Lesser Beckoning         Tloc           4%         N/A       52%         2
 Dazzling Flash           Conj/Hex       10%        N/A       54%         3
 Hailstorm                Conj/Ice       5%         3d4       54%         3
 Frozen Ramparts          Ice            4%         1d1       75%         3
 Gell's Gravitas          Tloc           2%         N/A       75%         3
 Teleport Other           Tloc           2%         N/A       75%         3
 Fulminant Prism          Conj/Hex       2%         3d5       91%         4
 Agony                    Necr           2%         N/A       100%        5
 Silence                  Hex/Air        1%         N/A       100%        5
 Dispersal                Tloc           1%         N/A       100%        6


Dungeon Overview and Level Annotations

Branches:
Dungeon (8/15)             Temple (1/1) D:6
   Lair: D:8-11

Altars:
Ashenzari
Cheibriados
Dithmenos
Fedhas
Gozag
Hepliaklqana
Kikubaaqudgha
Makhleb
Nemelex Xobeh
Qazlal
Ru
Sif Muna
Trog
Uskayaw
Vehumet
Wu Jian
Xom
Yredelemnul

Shops:
D:5 !

Annotations:
D:3 1 runed translucent door, 0gre's ghost, amateur GnIE


Innate Abilities, Weirdness & Mutations

You have hooves in place of feet.
You have a pair of small horns on your head.
You may rarely emit foul miasma when damaged in melee.
You have a small tail.


Message History

You closely miss something.
Something barely misses the orc warrior.
The orc warrior closely misses something.
The orc barely misses something.
You miss something. Your kick misses something. Your headbutt misses something.
Your punch misses something.
Reactivating autopickup.
You feel a bit more experienced.
Throw: 3 darts (datura)
Press: ? - help, Q - select action, (/) - cycle Shift-Dir - straight line, f/p - orc warrior
Aim: an orc warrior, wielding a +2 mace of holy wrath and wearing a +0 plate armour (lightly wounded, 64% to hit, chance to frenzy on hit: 75%)
You throw a datura-tipped dart.
The datura-tipped dart hits the orc warrior!
The orc warrior flies into a frenzy!
The orc warrior is lightly wounded.
The orc warrior hits the orc with a +2 mace of holy wrath!
The orc dies!
The orc warrior is engulfed in dark miasma.
The orc warrior is poisoned.
Throw: boomerang (disperse)
Press: ? - help, Q - select action, (/) - cycle Shift-Dir - straight line, f/p - orc warrior
Aim: an orc warrior, wielding a +2 mace of holy wrath and wearing a +0 plate armour (moderately wounded, fast, strong, frenzied and insane, poisoned, 64% to hit)
You throw a boomerang of dispersal.
The boomerang of dispersal hits the orc warrior and shatters, but does no damage.
The orc warrior is moderately wounded.
The orc warrior shouts!
You closely miss the orc warrior.
You kick the orc warrior, but do no damage.
You tail-slap the orc warrior, but do no damage.
The orc warrior is moderately wounded.
The orc warrior hits you with a +2 mace of holy wrath!!
You convulse!!
* * * LOW HITPOINT WARNING * * *
You hit the orc warrior but do no damage.
You kick the orc warrior, but do no damage.
The orc warrior is moderately wounded.
The orc warrior hits you with a +2 mace of holy wrath!!
* * * LOW HITPOINT WARNING * * *
You convulse.
You die...

#....')....#.............)..##
#....#).[..#.()....oo........+
##...##....##)##########....##
######....##'# ..#####'###
#........# ..o@..)....
#........# o....@.....
#........# ...........
#.......o# ..##.....##
##......@# # ##+#### #########


You could see a neutral orc warrior (fast, strong, insane, poisoned).

Vanquished Creatures
  Maurice (D:8)
  Sigmund (D:4)
  A vampire (D:7)
  A steam dragon (D:7)
  3 water moccasins
  2 sky beasts (D:7)
  2 orc warriors (D:7)
  An ice beast (D:7)
  4 black bears
  An ogre (D:7)
  2 kobold brigands
  3 bullfrogs (D:7)
  3 scorpions
  A wight (D:7)
  3 killer bees (D:8)
  4 hounds (D:5)
  A gnoll bouda (D:7)
  An orc priest (D:7)
  2 jellies
  2 sleepcaps
  3 orc wizards (D:5)
  3 iguanas
  2 hound zombies (D:4)
  9 adders
  21 gnolls
  A shadow imp (D:7)
  2 worms
  5 dart slugs
  38 orcs
  10 ball pythons
  3 bats
  11 endoplasms
  2 giant cockroaches (D:2)
  9 goblins
  11 hobgoblins
  22 jackals
  3 quokkas
  6 frilled lizards
  13 kobolds
  3 rats
216 creatures vanquished.

Vanquished Creatures (collateral kills)
  An orc (D:8)
1 creature vanquished.

Vanquished Creatures (others)
  A dart slug (D:1)
1 creature vanquished.

Grand Total: 218 creatures vanquished

Notes
Turn   | Place    | Note
-------+----------+-------------------------------------------
     0 | D:1      | booth the Demonspawn Gladiator began the quest for the Orb.
     0 | D:1      | Reached XP level 1. HP: 16/16 MP: 1/1
   237 | D:1      | Discovered your monstrous ancestry.
   237 | D:1      | Gained mutation: You have large cloven feet. [demonic
                  | ancestry]
   237 | D:1      | Reached XP level 2. HP: 17/22 MP: 2/2
   573 | D:1      | Reached skill level 3 in Axes
  1118 | D:2      | Reached XP level 3. HP: 26/28 MP: 3/3
  1655 | D:2      | Gained mutation: You have a small tail. [demonic ancestry]
  1655 | D:2      | Reached XP level 4. HP: 33/34 MP: 5/5
  1741 | D:2      | Reached skill level 1 in Spellcasting
  2044 | D:3      | Found a snail-covered altar of Cheibriados.
  2176 | D:3      | Found a hide-covered altar of Uskayaw.
  2236 | D:3      | Found a runed translucent door.
  2242 | D:3      | Noticed a bullfrog
  2245 | D:3      | Noticed 0gre's ghost (amateur GnIE)
  2358 | D:3      | Identified the +1 falchion of Awkwardness {pain, Int+6}
  2658 | D:4      | Gained mutation: You have hoof-like feet. [demonic
                  | ancestry]
  2658 | D:4      | Reached XP level 5. HP: 40/40 MP: 5/7
  2770 | D:4      | Noticed Sigmund
  2781 | D:4      | Killed Sigmund
  2782 | D:4      | Reached skill level 4 in Axes
  2782 | D:4      | Gained mutation: You may rarely emit foul miasma when
                  | damaged in melee. [demonic ancestry]
  2782 | D:4      | Reached XP level 6. HP: 36/47 MP: 8/8
  2834 | D:4      | Identified the +8 scale mail of Sloth {rElec rC++}
  2967 | D:4      | Found a bloodstained altar of Trog.
  2967 | D:4      | Found a broken altar of Ashenzari.
  2985 | D:4      | Became a worshipper of Ashenzari the Shackled
  3019 | D:4      | Found a shimmering blue altar of Sif Muna.
  3208 | D:4      | Gained mutation: You have hooves in place of feet. [demonic
                  | ancestry]
  3208 | D:4      | Reached XP level 7. HP: 52/52 MP: 10/10
  3259 | D:4      | Found a basalt altar of Yredelemnul.
  3599 | D:4      | Reached skill level 5 in Axes
  3783 | D:5      | Entered Level 5 of the Dungeon
  4074 | D:5      | Reached XP level 8. HP: 60/60 MP: 12/12
  4198 | D:5      | Found Ruit's Distillery.
  4207 | D:5      | Bought a potion of heal wounds for 70 gold pieces
  4321 | D:5      | Found a stormy altar of Qazlal.
  4755 | D:5      | Reached skill level 6 in Axes
  5317 | D:6      | Found a staircase to the Ecumenical Temple.
  5327 | Temple   | Entered the Ecumenical Temple
  6293 | D:7      | Found a hazy altar of Hepliaklqana.
  6306 | D:7      | Reached skill level 5 in Dodging
  6306 | D:7      | Reached skill level 1 in Conjurations
  6306 | D:7      | Reached skill level 1 in Evocations
  6315 | D:7      | Reached skill level 5 in Fighting
  6315 | D:7      | Gained mutation: You have a pair of small horns on your
                  | head. [demonic ancestry]
  6315 | D:7      | Reached XP level 9. HP: 52/68 MP: 15/15
  6834 | D:7      | Reached skill level 7 in Axes
  7320 | D:7      | Reached skill level 5 in Throwing
  7670 | D:8      | Reached * piety under Ashenzari
  7714 | D:8      | Noticed Maurice
  7748 | D:8      | Killed Maurice
  7759 | D:8      | HP: 1/69 [orc warrior/+2 mace of holy wrath (18)]
  7759 | D:8      | Slain by an orc warrior

Illustrated notes

Levels and vault maps discovered:
D:1:      dpeg_arrival_round_a, layout_basic
D:2:      layout_rooms
D:3:      layout_rooms, old_standard_altar, lemuel_coloured_pillars_altar,
          ebering_ghost_sewer_d
D:4:      layout_loops_corners, nicolae_sif_muna_condensation,
          lemuel_zombie_altar_yredelemnul, nicolae_overflow_two_pavilions,
          uniq_sigmund
D:5:      lemuel_castle_with_subvaults [lemuel_castle_interior_original],
          layout_cave_pools, general_overflow_altar, serial_shops,
          nicolae_shop_behind_doors, minmay_fountain_box,
          kennysheep_small_circle
D:6:      layout_basic, zin_academy, temple_statues
D:7:      minmay_polygon_palace, layout_basic, nicolae_hepliaklqana_hazy_memory
D:8:      layout_gridville, okawaru_humans, serial_shops, shop, uniq_maurice,
          uniq_joseph
Temple:   nicolae_temple_bog_church

Skill      XL: |  1  2  3  4  5  6  7  8  9 |
---------------+----------------------------+-----
Throwing       | 2 3 4 5 |  5.2
Axes           | 3 4 5 6 7 |  7.7
Dodging        | 3 4 5 |  5.6
Spellcasting   | 1 2 3 4 |  4.7
Fighting       | 3 4 5 |  5.7
Conjurations   | 1 2 |  2.9
Evocations     | 1 2 |  2.9

Action                     |  1- 3 |  4- 6 |  7- 9 || total
---------------------------+-------+-------+-------++-------
  Melee: War axe           |   111 |   142 |   341 ||   594
         Punch             |     1 |     2 |     4 ||     7
         Kick              |    17 |    28 |    93 ||   138
         Tailslap          |       |    11 |    48 ||    59
         Headbutt          |       |       |    17 ||    17
  Throw: Javelin           |     1 |       |       ||     1
         Dart              |       |       |    10 ||    10
         Boomerang         |       |       |     1 ||     1
 Invoke: Curse Item        |       |       |     2 ||     2
    Use: Scroll            |     2 |     8 |     7 ||    17
         Potion            |       |     5 |     3 ||     8
 Armour: Leather armour    |    30 |    11 |       ||    41
         Ring mail         |       |    39 |   122 ||   161
  Dodge: Dodged            |    70 |   117 |   243 ||   430
